 Dungeon Crawl Stone Soup version 0.31-a0-43-g46d131a48f (webtiles) character file.

Game seed: 4176059290792623579

18390 Drazool the Severer (level 12, -2/81 HPs)
             Began as a Demonspawn Fighter on May 19, 2023.
             Was an Elder of Makhleb.
             Slain by a six-headed hydra (13 damage)
             ... on level 3 of the Lair of Beasts on May 20, 2023.
             The game lasted 00:32:18 (10966 turns).

Drazool the Severer (Demonspawn Fighter)           Turns: 10966, Time: 00:32:18

Health: -2/81      AC: 19    Str: 21    XL:     12   Next: 27%
Magic:  17/17      EV:  9    Int:  9    God:    Makhleb [****..]
Gold:   615        SH:  4    Dex: 10    Spells: 11/11 levels left

rFire   + . .        a - +0 flail
rCold   . . .        c - +0 buckler
rNeg    . . .        K - +6 scale mail of the Northern Lights {Rampage Dex-4 SInv}
rPois   .            o - +0 hat
rElec   .            y - +2 cloak
rCorr   .            (no gloves)
SInv    +            (boots unavailable)
Will    .....        (no amulet) Stlth
                     F - ring of protection from fire
HPRegen 0.33/turn    T - +4 ring of protection
MPRegen 0.15/turn

%: rampage
@: no status effects
A: hooves 3, ignite blood 2, demonic magic 1
a: Renounce Religion, Minor Destruction, Lesser Servant of Makhleb, Major
Destruction


You were on level 3 of the Lair of Beasts.
You worshipped Makhleb.
Makhleb was greatly pleased with you.
You visited 2 branches of the dungeon, and saw 11 of its levels.

You collected 615 gold pieces.


Innate Abilities, Weirdness & Mutations

You have hooves in place of feet.
Your demonic aura often causes spilled blood to erupt in flames.
Spells you cast may paralyse adjacent enemies.


   Skills:
 - Level 3.0 Fighting
 + Level 16.2(16.8) Axes
 - Level 7.6(12.9) Maces & Flails
 - Level 2.6 Armour
 - Level 2.6 Shields
 - Level 7.0 Invocations


You had 11 spell levels left.
You didn't know any spells.
Your spell library contained the following spells:

 Spells                   Type           Power      Damage    Failure   Level
 Apportation              Tloc           0%         N/A       80%         1
 Magic Dart               Conj           0%         1d3       80%         1
 Blink                    Tloc           0%         N/A       91%         2
 Ensorcelled Hibernation  Hex/Ice        0%         N/A       91%         2
 Poisonous Vapours        Pois/Air       0%         N/A       91%         2
 Searing Ray              Conj           0%         2d4       91%         2
 Sublimation of Blood     Necr           0%         N/A       91%         2
 Inner Flame              Hex/Fire       0%         N/A       99%         3
 Mephitic Cloud           Conj/Pois/Air  0%         N/A       99%         3
 Spider Form              Tmut/Pois      0%         N/A       99%         3
 Vhi's Electric Charge    Tloc/Air       0%         N/A       99%         3
 Anguish                  Hex/Necr       0%         N/A       100%        4
 Fulminant Prism          Conj/Hex       0%         3d5       100%        4
 Manifold Assault         Tloc           0%         N/A       100%        4
 Petrify                  Tmut/Erth      0%         N/A       100%        4
 Alistair's Intoxication  Tmut/Pois      0%         N/A       100%        5
 Arcjolt                  Conj/Air       0%         1d10      100%        5
 Freezing Cloud           Conj/Ice/Air   0%         6-21      100%        5
 Irradiate                Conj/Tmut      0%         3d11      100%        5
 Yara's Violent Unravell  Hex/Tmut       0%         3d3       100%        5
 Plasma Beam              Fire/Air       0%         2x1d11    100%        6
 Enfeeble                 Hex            0%         N/A       100%        7
 Storm Form               Tmut/Air       0%         N/A       100%        7

Inventory:

Hand Weapons
 a - a +0 flail (weapon)
 x - the +7 war axe "Fitylum" {speed, rF- MP+9 Str+3 Dex+5}
   (You found it on level 6 of the Dungeon)

   Str:       It affects your strength (+3).
   Dex:       It affects your dexterity (+5).
   rF:        It makes you vulnerable to fire.
   MP:        It affects your magic capacity (+9).
Missiles
 h - 5 datura-tipped darts
 l - a throwing net {=f}
 m - 10 poisoned darts (quivered)
Armour
 c - a +0 buckler (worn)
 o - a +0 hat (worn)
 y - a +2 cloak (worn)
 K - the +6 scale mail of the Northern Lights (worn) {Rampage Dex-4 SInv}
   (You found it on level 2 of the Lair of Beasts)

   Dex:       It affects your dexterity (-4).
   SInv:      It lets you see invisible.
   Rampage:   It bestows one free step when moving towards enemies.
Magical Staves
 n - a staff of fire {!a}
Jewellery
 f - a ring of protection from fire
 F - a ring of protection from fire (left hand)
 G - an amulet of faith {!P}
 M - a ring of magical power
 N - a ring of positive energy
 T - a +4 ring of protection (right hand)
 Z - a ring of wizardry
Wands
 i - a wand of light (4)
 t - a wand of mindburst (12)
 E - a wand of charming (14)
 H - a wand of flame (9)
Scrolls
 b - a scroll of enchant armour
 g - 3 scrolls of teleportation {@r2}
 j - 3 scrolls of amnesia
 q - 2 scrolls of fog
 r - a scroll of summoning
 z - 3 scrolls of fear
 B - a scroll of blinking
 C - 2 scrolls of poison
Potions
 d - 3 potions of might
 e - a potion of resistance {unknown}
 k - 4 potions of attraction
 p - 3 potions of heal wounds {@q2}
 u - 2 potions of curing {unknown}
 v - a potion of berserk rage {unknown}
 w - 3 potions of cancellation
 A - a potion of mutation {unknown}
 D - a potion of brilliance {unknown}
 J - a potion of lignification {unknown}
Miscellaneous
 I - a piece from Xom's chessboard (15/15)

Dungeon Overview and Level Annotations

Branches:
Dungeon (8/15)             Temple (0/1) D:6            Lair (3/5) D:8
  Swamp: Lair:2-3    Shoals: Lair:2-3     Snake: Lair:2-3    Spider: Lair:2-3

Altars:
Kikubaaqudgha
Makhleb
Okawaru

Shops:
D:1 (

Annotations:
D:3 1 runed translucent door, exclusion: door, Crazy Yiuf
D:8 3 runed translucent doors, Atlus's ghost, novice GnMo

...^... ♣.♣♣♣♣♣......#
....### ♣§.♣§.♣~
♣♣♣♣.♣.....## ....#
.§§§§. ♣♣.♣~......>#
.....# ♣ §§§.§
♣♣..~~.†.....## .....#
♣. ♣§≈§.
♣§..≈~~♣......# ....##
♣.§♣§~§♣
♣§.~~~~♣.....## ....#
♣§§§§§♣♣♣.♣~≈≈~♣.....#
#####
♣§§§§~♣§§.♣~≈≈~♣.....#
♣§~~D@§§§♣≈~≈≈♣.....(#
♣♣♣~.§♣♣♣♣♣≈≈≈♣##..###
♣♣♣♣♣ ♣♣♣♣♣ ####


You could see a six-headed hydra.


Message History

The six-headed hydra closely misses you.
You block the six-headed hydra's attack.
You barely miss the six-headed hydra.
The six-headed hydra is heavily wounded.
Unknown command.
You barely miss the six-headed hydra.
The six-headed hydra is heavily wounded.
The six-headed hydra barely misses you.
The six-headed hydra closely misses you.
The six-headed hydra bites you.
* * * LOW HITPOINT WARNING * * *
The six-headed hydra barely misses you.
The six-headed hydra bites you but does no damage.
The six-headed hydra bites you.
* * * LOW HITPOINT WARNING * * *
You sock the six-headed hydra!
The six-headed hydra is severely wounded.
The six-headed hydra bites you but does no damage. x4
The six-headed hydra barely misses you. x2
Unknown command.
You barely miss the six-headed hydra. You kick the six-headed hydra.
The six-headed hydra is severely wounded.
The six-headed hydra bites you!
* * * LOW HITPOINT WARNING * * *
The six-headed hydra bites you.
* * * LOW HITPOINT WARNING * * *
The six-headed hydra bites you.
* * * LOW HITPOINT WARNING * * *
The six-headed hydra barely misses you. The six-headed hydra bites you!
You die...

Skill      XL: |  1  2  3  4  5  6  7  8  9 10 11 12 |
---------------+-------------------------------------+-----
Maces & Flails | 2 3 4 5 7 |  7.6
Invocations    | 2 3 5 7 |  7.0
Axes           | 5 9 12 15 16 | 16.2
Fighting       | |  3.0
Armour         | |  2.6
Shields        | |  2.6

Action                     |  1- 3 |  4- 6 |  7- 9 | 10-12 || total
---------------------------+-------+-------+-------+-------++-------
  Melee: Flail             |    88 |   189 |    56 |    16 ||   349
         Kick              |       |    49 |    41 |    91 ||   181
         War axe           |       |       |    81 |   265 ||   346
  Throw: Dart              |     4 |     3 |     4 |     2 ||    13
 Invoke: Minor Destruction |       |     1 |    10 |     7 ||    18
         Lesser Servant of |       |     1 |     8 |     3 ||    12
         Major Destruction |       |       |       |     1 ||     1
  Evoke: Wand              |       |       |     1 |       ||     1
    Use: Scroll            |     6 |     2 |     4 |     5 ||    17
         Potion            |       |       |       |     2 ||     2
 Armour: Scale mail        |    40 |    60 |    32 |    76 ||   208
  Dodge: Dodged            |    33 |    76 |    47 |    76 ||   232
  Block: Buckler           |    18 |    44 |    24 |    40 ||   126

Levels and vault maps discovered:
D:1:      amcnicky_arrival_choice, layout_loops_ring, serial_shops, shop,
          chequers_ecumenical_altar_simple_redux, chequers_serial_rivers_small_3
D:2:      layout_basic, minmay_pentomino_r2
D:3:      layout_rooms, kiku_gazebo_garden_becter, okawaru_ov_weapons_minmay,
          kennysheep_generic_room_7, uniq_crazy_yiuf_cottage
D:4:      layout_gridville, minivault_23, minmay_lizard_king
D:5:      layout_rooms, mrwooster_statue_mirror, chequers_big_river
D:6:      layout_basic, minmay_temple_entry_crystal_x, columned_hall_lemuel
D:7:      layout_loops_ring, lemuel_crystal_altar, nicolae_sextant,
          bh_walls_and_bars, uniq_joseph
D:8:      minmay_angry_zag, layout_rooms, hellmonk_lair_entry_icy,
          gammafunk_ghost_split, uniq_prince_ribbit1
Lair:1:   layout_gridlike, roderic_batcave, infiniplex_staircase_pool_2
Lair:2:   layout_gridlike, uniq_gastronok
Lair:3:   layout_roguey, palyth_hydra_swamp_entry,
          nicolae_spider_entry_lesser_pyramids, portal_ice_cave_entry_pillars_1,
          st_stairs_3, nicolae_lair_liquid_snakes

Notes
Turn   | Place    | Note
-------+----------+-------------------------------------------
     0 | D:1      | Drazool the Demonspawn Fighter began the quest for the Orb.
     0 | D:1      | Reached XP level 1. HP: 18/18 MP: 1/1
   117 | D:1      | Found a faded altar of an unknown god.
   132 | D:1      | Prayed at the altar of an unknown god.
   132 | D:1      | Became a worshipper of Makhleb the Destroyer
   132 | D:1      | Reached * piety under Makhleb
   157 | D:1      | Reached skill level 2 in Maces & Flails
   166 | D:1      | Found Wuull's Weapon Shoppe.
   195 | D:1      | Gained mutation: Your demonic aura sometimes causes spilled
                  | blood to erupt in flames. [demonic ancestry]
   195 | D:1      | Reached XP level 2. HP: 22/24 MP: 2/2
   847 | D:2      | Reached skill level 3 in Maces & Flails
   901 | D:2      | Reached XP level 3. HP: 29/29 MP: 3/3
  1073 | D:2      | Reached ** piety under Makhleb
  1359 | D:3      | Noticed a scorpion
  1375 | D:2      | Reached skill level 4 in Maces & Flails
  1375 | D:2      | Gained mutation: You have large cloven feet. [demonic
                  | ancestry]
  1375 | D:2      | Reached XP level 4. HP: 19/35 MP: 4/4
  1483 | D:3      | Found an iron altar of Okawaru.
  1650 | D:3      | Reached skill level 1 in Invocations
  1733 | D:3      | Reached skill level 2 in Invocations
  1782 | D:3      | Found an ancient bone altar of Kikubaaqudgha.
  2032 | D:3      | Found a runed translucent door.
  2033 | D:3      | Noticed Crazy Yiuf
  2160 | D:4      | Reached XP level 5. HP: 39/41 MP: 6/6
  2188 | D:4      | Reached skill level 3 in Invocations
  2348 | D:4      | Reached skill level 5 in Maces & Flails
  2366 | D:4      | Reached XP level 6. HP: 43/47 MP: 8/8
  2411 | D:4      | Reached skill level 4 in Invocations
  2532 | D:4      | Reached *** piety under Makhleb
  3066 | D:5      | Entered Level 5 of the Dungeon
  3231 | D:5      | Reached skill level 5 in Invocations
  3306 | D:5      | Gained mutation: You have hoof-like feet. [demonic
                  | ancestry]
  3306 | D:5      | Reached XP level 7. HP: 47/52 MP: 9/11
  3383 | D:5      | Reached skill level 6 in Maces & Flails
  3383 | D:5      | Reached skill level 6 in Invocations
  3539 | D:5      | HP: 5/52 [ogre/+0 giant club (24)]
  4206 | D:4      | Reached skill level 7 in Invocations
  4616 | D:6      | Reached skill level 7 in Maces & Flails
  4616 | D:6      | Reached XP level 8. HP: 14/58 MP: 13/13
  4918 | D:6      | Identified the +7 war axe "Fitylum" {speed, rF- MP+9 Str+3
                  | Dex+5}
  5105 | D:6      | Found a staircase to the Ecumenical Temple.
  5222 | D:6      | Reached skill level 1 in Axes
  5230 | D:6      | Reached skill level 2 in Axes
  5470 | D:6      | Reached skill level 3 in Axes
  5878 | D:7      | Reached skill level 4 in Axes
  5916 | D:7      | Reached skill level 5 in Axes
  6078 | D:7      | Found a burning altar of Makhleb.
  6454 | D:7      | Noticed Joseph
  6458 | D:7      | Reached XP level 9. HP: 59/63 MP: 14/14
  6467 | D:7      | Killed Joseph
  6468 | D:7      | Reached skill level 6 in Axes
  6762 | D:8      | Found a runed translucent gate.
  6763 | D:8      | Found a runed translucent gate.
  6772 | D:8      | Found a runed translucent gate.
  6773 | D:8      | Noticed Atlus's ghost (novice GnMo)
  6873 | D:8      | Noticed a two-headed ogre
  6873 | D:8      | Noticed a polar bear
  6874 | D:8      | Noticed a rime drake
  6874 | D:8      | Noticed a polar bear
  6888 | D:7      | Killed a two-headed ogre
  6889 | D:7      | Reached skill level 8 in Axes
  7145 | D:8      | Reached skill level 9 in Axes
  7296 | D:8      | Noticed a polar bear
  7305 | D:8      | Killed a polar bear
  7306 | D:8      | Gained mutation: You have hooves in place of feet. [demonic
                  | ancestry]
  7306 | D:8      | Reached XP level 10. HP: 44/70 MP: 15/15
  7390 | D:8      | Reached **** piety under Makhleb
  7393 | D:8      | Reached skill level 10 in Axes
  7652 | D:8      | Reached skill level 11 in Axes
  7658 | D:8      | Found a staircase to the Lair.
  7867 | D:8      | Noticed Prince Ribbit
  7871 | D:8      | Killed Prince Ribbit
  7988 | D:8      | Reached skill level 12 in Axes
  8331 | Lair:1   | Entered Level 1 of the Lair of Beasts
  8443 | Lair:1   | Noticed a cane toad
  8448 | Lair:1   | Killed a cane toad
  8471 | Lair:1   | Noticed a cane toad
  8474 | Lair:1   | Noticed a cane toad
  8479 | Lair:1   | Killed a cane toad
  8489 | Lair:1   | Killed a cane toad
  8490 | Lair:1   | Gained mutation: Spells you cast may paralyse adjacent
                  | enemies. [demonic ancestry]
  8490 | Lair:1   | Reached XP level 11. HP: 41/75 MP: 16/16
  8902 | Lair:1   | Reached skill level 13 in Axes
  9627 | Lair:2   | Noticed Gastronok
  9760 | Lair:2   | Killed Gastronok
  9761 | Lair:2   | Reached skill level 14 in Axes
  9854 | Lair:2   | Noticed a death yak
  9854 | Lair:2   | Noticed a death yak
  9855 | Lair:2   | Noticed a death yak
  9855 | Lair:2   | Noticed a death yak
  9857 | Lair:2   | Noticed a death yak
  9870 | Lair:2   | Killed a death yak
  9894 | Lair:2   | Killed a death yak
  9902 | Lair:2   | Killed a death yak
 10073 | Lair:1   | Reached skill level 15 in Axes
 10394 | Lair:2   | Identified the +6 scale mail of the Northern Lights
                  | {Rampage Dex-4 SInv}
 10678 | Lair:2   | Killed a death yak
 10679 | Lair:2   | Gained mutation: Your demonic aura often causes spilled
                  | blood to erupt in flames. [demonic ancestry]
 10679 | Lair:2   | Reached XP level 12. HP: 55/81 MP: 17/17
 10684 | Lair:2   | Killed a death yak
 10826 | Lair:3   | Noticed a six-headed hydra
 10838 | Lair:3   | Killed a six-headed hydra
 10839 | Lair:3   | Reached skill level 16 in Axes
 10950 | Lair:3   | Noticed a six-headed hydra
 10966 | Lair:3   | Slain by a six-headed hydra

Vanquished Creatures
  A hydra (Lair:3)
  A two-headed ogre (D:7)
  5 death yaks (Lair:2)
  A black mamba (Lair:1)
  Joseph (D:7)
  5 cane toads
  A rime drake (D:8)
  A komodo dragon (Lair:2)
  2 tyrant leeches (Lair:3)
  2 polar bears (D:8)
  Prince Ribbit (D:8)
  10 blink frogs
  A wyvern (D:8)
  13 yaks
  A basilisk (Lair:2)
  3 swamp worms (Lair:3)
  4 water moccasins
  2 sky beasts (D:8)
  6 ice beasts
  A black bear (D:6)
  An orc warrior (D:5)
  2 ogres (D:5)
  9 wolves
  A centaur (D:8)
  A phantom (D:6)
  2 kobold brigands
  5 bullfrogs
  A scorpion (Lair:1)
  3 wights (D:7)
  6 killer bees
  A vampire bat (Lair:1)
  A jelly (D:6)
  4 hounds
  2 orc priests
  A gnoll bouda (D:7)
  A sleepcap (D:5)
  3 iguanas
  4 orc wizards
  6 gnolls
  4 adders
  2 white imps
  An ufetubus (D:6)
  2 worms (D:4)
  18 orcs
  9 ball pythons
  2 endoplasms
  A giant cockroach (D:4)
  5 goblins
  5 hobgoblins
  7 jackals
  8 quokkas
  10 bats
  11 frilled lizards
  11 kobolds
  7 rats
219 creatures vanquished.

Vanquished Creatures (collateral kills)
  Gastronok (Lair:2)
  2 polar bears (D:8)
  A wyvern (D:8)
  An ice beast (D:6)
  2 bullfrogs
  A gnoll sergeant (D:6)
  A scorpion (D:5)
  2 wights (D:7)
  A killer bee (D:8)
  A howler monkey (D:5)
  An orc priest (D:8)
  A sleepcap (D:6)
  An orc wizard (D:3)
  9 gnolls
  A worm (D:2)
  A dart slug (D:1)
  5 orcs
  A goblin (D:3)
  2 kobolds
35 creatures vanquished.

Vanquished Creatures (others)
  A gnoll (D:2)
1 creature vanquished.

Grand Total: 255 creatures vanquished

Table legend: (Time is in decaauts)
 A = Elapsed time spent in this place.
 B = Non-inter-level travel time spent in this place.
 C = Inter-level travel time spent in this place.
 D = Time resting spent in this place.
 E = Time spent auto-exploring this place.
 F = Levels seen in this place.
 G = Mean time per level.
                   A        B        C        D        E       F      G
               +--------+--------+--------+--------+--------+-----+--------+
         Total |  10939 |  10395 |    544 |   1124 |   7256 |  11 |  994.5 |
       Dungeon |   8379 |   7962 |    417 |    821 |   5703 |   8 | 1047.4 |
          Lair |   2560 |   2434 |    126 |    303 |   1553 |   3 |  853.3 |
               +--------+--------+--------+--------+--------+-----+--------+

Top non-repeatable levels by time:
  Lair:1: 1374 daAuts
     D:4: 1373 daAuts
     D:6: 1258 daAuts
     D:8: 1253 daAuts
     D:7: 1226 daAuts
     D:5: 1115 daAuts
  Lair:2: 980 daAuts
     D:1: 810 daAuts
     D:3: 673 daAuts
     D:2: 668 daAuts
  Lair:3: 206 daAuts

Table legend:
 A = Non-vault XP
 B = Vault XP
 C = Vault XP percentage of total XP
 D = Non-vault monster count
 E = Vault monster count
 F = Vault count percentage of total count
                 A         B        C        D         E       F
            +---------+---------+-------+---------+---------+-------
      Total |   19579 |    6693 |  25.5 |     211 |      43 |  16.9
            +---------+---------+-------+---------+---------+-------
        D:1 |      27 |       0 |   0.0 |      16 |       0 |   0.0
        D:2 |      64 |      15 |  19.0 |      15 |       2 |  11.8
        D:3 |      80 |       4 |   4.8 |      19 |       2 |   9.5
        D:4 |     359 |      43 |  10.7 |      34 |       8 |  19.0
        D:5 |     771 |       0 |   0.0 |      16 |       0 |   0.0
        D:6 |     843 |       0 |   0.0 |      22 |       0 |   0.0
        D:7 |    1773 |     574 |  24.5 |      15 |       2 |  11.8
        D:8 |    2340 |    2488 |  51.5 |      26 |      14 |  35.0
     Lair:1 |    5176 |      70 |   1.3 |      23 |       8 |  25.8
     Lair:2 |    7259 |    1528 |  17.4 |      20 |       1 |   4.8
     Lair:3 |     887 |    1971 |  69.0 |       5 |       6 |  54.5
            +---------+---------+-------+---------+---------+-------
